 Dungeon Crawl Stone Soup version 0.21.1-1-g345015f (webtiles) character file.

854 prawnwizard the Geomancer (level 8, -2/41 HPs)
             Began as a Gargoyle Earth Elementalist on July 9, 2018.
             Slain by an orc wizard
             ... wielding a +0 dagger
              (4 damage)
             ... on level 5 of the Dungeon.
             The game lasted 00:16:12 (5742 turns).

prawnwizard the Geomancer (GrEE)                    Turns: 5742, Time: 00:16:13

Health: -2/41      AC:  9    Str: 13    XL:     8   Next: 1%
Magic:  4/15       EV: 12    Int: 17    God:
Gold:   194        SH:  0    Dex: 10    Spells: 13/17 levels left

rFire    + . .     SeeInvis .   h - +0 dagger
rCold    . . .     Gourm    .   (no shield)
rNeg     + . .     Faith    .   y - +0 robe {rF+}
rPois    ∞         Spirit   .   u - +0 helmet
rElec    +         Reflect  .   (no cloak)
rCorr    .         Harm     .   (no gloves)
MR       .....                  f - +0 pair of boots
Stlth    +++.......             (no amulet)
HPRegen  0.13/turn              m - ring of stealth
MPRegen  0.14/turn              (no ring)

@: no status effects
A: negative energy resistance 1, electricity resistance, unbreathing,
petrification resistance, rot immunity, AC +5
a: no special abilities


You were on level 5 of the Dungeon.
You were hungry.

You visited 1 branch of the dungeon, and saw 5 of its levels.

You collected 194 gold pieces.

Inventory:

Hand Weapons
 h - a +0 dagger (weapon)
Missiles
 b - 51 stones (quivered)
Armour
 c - a +0 robe
 f - a +0 pair of boots (worn)
 u - a +0 helmet (worn)
 y - a +0 robe of fire resistance (worn)
 A - a +1 shield of positive energy
 C - a +0 buckler
Jewellery
 m - a ring of stealth (left hand)
 o - an uncursed amulet of faith
 E - an uncursed ring of protection from cold {unknown}
 F - an uncursed amulet of the gourmand {unknown}
Wands
 B - a wand of iceblast (4)
 G - a wand of random effects (23)
Scrolls
 a - 5 scrolls of identify {unknown}
 i - 5 scrolls of remove curse {unknown}
 j - 4 scrolls of amnesia {unknown}
 l - 2 scrolls of enchant weapon {unknown}
 p - a scroll of immolation {unknown}
 q - a scroll of noise {unknown}
 r - a scroll of enchant armour {unknown}
 v - 2 scrolls of teleportation {unknown}
 x - a scroll of magic mapping {unknown}
 D - a scroll of fear {unknown}
Potions
 g - 2 potions of magic {unknown}
 k - a potion of invisibility {unknown}
 n - a potion of heal wounds {unknown}
 s - 2 potions of ambrosia {unknown}
 t - a potion of mutation {unknown}
 w - 2 potions of curing {unknown}
 z - a potion of lignification {unknown}
 H - a potion of degeneration {unknown}
 I - a potion of flight {unknown}
Books
 e - a book of Geomancy

   Spells                             Type                      Level
   a - Sandblast                      Earth                        1
   b - Passwall                       Transmutation/Earth          2
   c - Stone Arrow                    Conjuration/Earth            3
   d - Petrify                        Transmutation/Earth          4
   e - Lee's Rapid Deconstruction     Earth                        5
Comestibles
 d - 8 rations


   Skills:
 + Level 0.0 Fighting
 + Level 1.7 Dodging
 - Level 2.2 Stealth
 + Level 5.0 Spellcasting
   Level 0.7 Transmutations
 + Level 9.1 Earth Magic


You had 13 spell levels left.
You knew the following spells:

 Your Spells              Type           Power        Failure   Level  Hunger
a - Sandblast             Erth           #####.       1%          1    None
b - Stone Arrow           Conj/Erth      ###...       6%          3    ###....


Dungeon Overview and Level Annotations

Branches:
Dungeon (5/15)
 Temple: D:4-7

Altars:
Nemelex Xobeh
Sif Muna
Trog


Innate Abilities, Weirdness & Mutations

You are resistant to torment.
Your stone body is resilient. (AC +5)
You are immune to poison.
You resist negative energy. (rN+)
You are resistant to electric shocks. (rElec)
You can survive without breathing.
You are immune to petrification.
You are immune to rotting.


Message History

The orc wizard hits you but does no damage.
The orc barely misses you. The orc misses you.
The orc wizard casts a spell at you. The magic dart hits you!
* * * LOW HITPOINT WARNING * * *
You completely miss the orc wizard.
The orc wizard is severely wounded.
The orc wizard looks encouraged for a moment.
The orc barely misses you. The orc completely misses you.
You hit the orc wizard but do no damage.
The orc wizard is severely wounded.
The orc wizard hits you but does no damage.
The orc hits you with a hand axe.
* * * LOW HITPOINT WARNING * * *
The orc misses you. The orc wizard hits you with a dagger.
* * * LOW HITPOINT WARNING * * *
You hit the orc wizard.
The orc wizard is almost dead.
The orc wizard hits you with a dagger.
You die...

#.# #.# #.#
###.# #.(.#
#(###
######### #)#
######........
#.#
#......o......
#.#
#.....@o$.....
#.#
#.....)o######
#.# #.......#
##.###.......#
#............+
######.......#
#########


You could see an orc wizard and 2 orcs.

Vanquished Creatures
  An ice beast (D:4)
  The ghost of KappaVara the Chopper, an amateur DsGl (D:3)
  A centaur (D:5)
  2 howler monkeys
  A crimson imp (D:5)
  A hound (D:4)
  An orc priest (D:3)
  Jessica (D:3)
  4 orc wizards
  4 worker ants (D:4)
  7 adders
  3 oozes
  An adder skeleton (D:4)
  4 worms
  2 dart slugs (D:1)
  A leopard gecko (D:2)
  23 orcs
  3 giant cockroaches
  8 goblins
  13 hobgoblins
  3 jackals (D:2)
  5 kobolds
  2 quokkas
  11 bats
  A frilled lizard (D:1)
  10 rats
114 creatures vanquished.

Notes
Turn   | Place    | Note
-------+----------+-------------------------------------------
     0 | D:1      | prawnwizard the Gargoyle Earth Elementalist began the quest for the Orb.
     0 | D:1      | Reached XP level 1. HP: 10/10 MP: 3/3
   386 | D:1      | Reached XP level 2. HP: 14/15 MP: 5/5
   440 | D:1      | Reached skill level 4 in Earth Magic
   702 | D:1      | Reached XP level 3. HP: 11/19 MP: 6/6
  1229 | D:1      | Learned a level 3 spell: Stone Arrow
  1233 | D:2      | Found a sparkling altar of Nemelex Xobeh.
  1570 | D:2      | Reached XP level 4. HP: 12/24 MP: 2/8
  1635 | D:2      | Reached skill level 5 in Earth Magic
  1888 | D:2      | Found a bloodstained altar of Trog.
  2135 | D:2      | Found a deep blue altar of Sif Muna.
  2430 | D:3      | Noticed Jessica
  2435 | D:3      | Noticed KappaVara's ghost (amateur DsGl)
  2437 | D:3      | Killed Jessica
  2450 | D:2      | Reached XP level 5. HP: 28/28 MP: 2/9
  3061 | D:3      | Killed KappaVara's ghost
  3061 | D:3      | Reached skill level 6 in Earth Magic
  3241 | D:2      | Reached XP level 6. HP: 26/32 MP: 6/11
  3828 | D:3      | Reached skill level 7 in Earth Magic
  4093 | D:4      | Noticed an ice beast
  4100 | D:4      | Killed an ice beast
  4100 | D:4      | Reached XP level 7. HP: 36/36 MP: 5/13
  4155 | D:4      | Reached skill level 8 in Earth Magic
  5592 | D:5      | Entered Level 5 of the Dungeon
  5634 | D:5      | Reached skill level 9 in Earth Magic
  5644 | D:5      | Reached skill level 5 in Spellcasting
  5706 | D:5      | Reached XP level 8. HP: 35/41 MP: 8/15
  5741 | D:5      | HP: 2/41 [orc wizard/dagger (5)]
  5742 | D:5      | Slain by an orc wizard

Skill      XL: |  1  2  3  4  5  6  7 |
---------------+----------------------+-----
Earth Magic    | 4 5 6 7 9 |  9.1
Spellcasting   | 3 4 5 |  5.0
Dodging        | |  1.7
Stealth        | |  2.2
Transmutations | |  0.7

Action                   |  1- 3 |  4- 6 |  7- 9 || total
-------------------------+-------+-------+-------++-------
Melee: Unarmed           |    45 |       |       ||    45
       Dagger            |   174 |   130 |    98 ||   402
 Cast: Sandblast         |     5 |    44 |    33 ||    82
       Stone Arrow       |       |    11 |     7 ||    18
 Stab: Sleeping          |     5 |     3 |     2 ||    10
  Eat: Chunk             |     2 |     6 |     5 ||    13
       Ration            |       |     1 |       ||     1
Armor: Robe              |    99 |    65 |    69 ||   233
Dodge: Dodged            |   171 |   103 |   101 ||   375
